 Dungeon Crawl Stone Soup version 0.21.1-1-g345015f (webtiles) character file.

1079 kae the Insei (level 8, -5/59 (60) HPs)
             Began as a Demonspawn Transmuter on May 18, 2018.
             Was a Follower of Wu Jian.
             Slain by Gandalfino's ghost (7 damage)
             ... on level 6 of the Dungeon.
             The game lasted 00:11:15 (6977 turns).

kae the Insei (Demonspawn Transmuter)               Turns: 6977, Time: 00:11:16

HP:   -5/59 (60)    AC:  6    Str: 15    XL:     8   Next: 8%
MP:   13/13         EV: 16    Int: 15    God:    Wu Jian [*.....]
Gold: 133           SH:  0    Dex: 20    Spells: 8/14 levels left

rFire    + . .     SeeInvis .   e - +3 dagger (venom)
rCold    + + .     Gourm    .   (no shield)
rNeg     . . .     Faith    .   b - +0 robe
rPois    .         Spirit   .   (no helmet)
rElec    .         Reflect  .   (no cloak)
rCorr    .         Harm     .   t - +2 pair of gloves
MR       +++..                  f - +0 pair of boots
Stlth    +++.......             (no amulet)
HPRegen  0.19/turn              q - ring "Zunkeerusi" {*Contam +Inv rC+ MR++ Str+4}
MPRegen  0.13/turn              s - ring of Law {rF+ rC+ MR+ Dex+5 Slay+3}

@: berserk cooldown, slowed, repel missiles, very slow
A: talons 1, repulsion field 3, nightstalker 1
a: Renounce Religion, Evoke Invisibility


You were on level 6 of the Dungeon.
You worshipped Wu Jian.
Wu Jian was aware of your devotion.
You were not hungry.

You visited 2 branches of the dungeon, and saw 7 of its levels.
You also visited: Sewer.

You collected 407 gold pieces.
You spent 274 gold pieces at shops.

Inventory:

Hand Weapons
 e - a +3 dagger of venom (weapon)
 i - a +0 antimagic falchion
Missiles
 a - 109 arrows
Armour
 b - a +0 robe (worn)
 f - a +0 pair of boots (worn)
 t - a +2 pair of gloves (worn)
Jewellery
 g - an uncursed ring of positive energy
 m - an uncursed ring of stealth
 n - an uncursed ring of protection from magic
 q - the ring "Zunkeerusi" (left hand) {*Contam +Inv rC+ MR++ Str+4}
   (You bought it in a shop on level 4 of the Dungeon)

   [ring of protection from cold]

   It affects your strength (+4).
   It protects you from cold.
   It affects your resistance to hostile enchantments.
   It lets you turn invisible.
   It causes magical contamination when unequipped.
 s - the ring of Law (right hand) {rF+ rC+ MR+ Dex+5 Slay+3}
   (You bought it in a shop on level 4 of the Dungeon)

   [ring of dexterity]

   It affects your dexterity (+5).
   It affects your accuracy and damage with ranged weapons and melee attacks
   (+3).
   It protects you from fire.
   It protects you from cold.
   It affects your resistance to hostile enchantments.
 y - a cursed ring of teleportation {unknown}
Wands
 p - a wand of paralysis (6)
 r - a wand of disintegration (8)
Scrolls
 h - 2 scrolls of amnesia
 l - 2 scrolls of enchant armour
 o - 5 scrolls of remove curse
 u - a scroll of magic mapping
 v - a scroll of identify
Potions
 j - 2 potions of curing
 k - a potion of mutation
 w - a potion of flight
 z - a potion of resistance {unknown}
 A - 2 potions of heal wounds
Books
 c - a book of Changes

   Spells                             Type                      Level
   a - Beastly Appendage              Transmutation                1
   b - Sticks to Snakes               Transmutation                2
   c - Spider Form                    Transmutation/Poison         3
   d - Ice Form                       Ice/Transmutation            4
   e - Blade Hands                    Transmutation                5
 B - a book of Cantrips

   Spells                             Type                      Level
   a - Confusing Touch                Hexes                        1
   b - Animate Skeleton               Necromancy                   1
   c - Summon Small Mammal            Summoning                    1
   d - Apportation                    Translocation                1
Comestibles
 d - 6 rations


   Skills:
 + Level 3.8 Fighting
 - Level 1.7 Dodging
 * Level 5.7 Unarmed Combat
 + Level 3.9 Spellcasting
 * Level 5.2 Transmutations


You had 8 spell levels left.
You knew the following spells:

 Your Spells              Type           Power        Failure   Level  Hunger
a - Beastly Appendage     Tmut           ###...       1%          1    None
b - Sticks to Snakes      Tmut           ###.....     3%          2    ##.....
c - Spider Form           Tmut/Pois      ##........   19%         3    ###....


Dungeon Overview and Level Annotations

Branches:
Dungeon (6/15)             Temple (1/1) D:4

Altars:
Ashenzari
Cheibriados
Elyvilon
Fedhas
Gozag
Hepliaklqana
Kikubaaqudgha
Makhleb
Nemelex Xobeh
Okawaru
Qazlal
Ru
Sif Muna
Trog
Wu Jian
Xom
Yredelemnul
Zin
The Shining One

Shops:
D:4 *   D:6 ((

Annotations:
D:4 exclusion: ogre
D:6 Gandalfino's ghost, novice GnSk


Innate Abilities, Weirdness & Mutations

You have sharp toenails.
You are surrounded by a strong repulsion field. (EV +4, RMsl)
You are slightly more attuned to the shadows.


Message History

Gandalfino's ghost hits you!
Gandalfino's ghost completely misses you.
You hit Gandalfino's ghost but do no damage.
Gandalfino's ghost is almost destroyed.
Gandalfino's ghost shouts, "You will join me soon!"
Gandalfino's ghost hits you.
You hit Gandalfino's ghost but do no damage.
Gandalfino's ghost is almost destroyed.
Gandalfino's ghost hits you!
Gandalfino's ghost completely misses you.
You hit Gandalfino's ghost but do no damage.
Gandalfino's ghost is almost destroyed.
Gandalfino's ghost hits you!
* * * LOW HITPOINT WARNING * * *
You completely miss Gandalfino's ghost.
Gandalfino's ghost is almost destroyed.
Gandalfino's ghost hits you!
* * * LOW HITPOINT WARNING * * *
Gandalfino's ghost hits you!
You die...

...##.#####.**,*,,,,,,,*,**,*
##.##.......,*,*,,*,*,,*,**,*
.......##.##.*,*,,*,,,,*,**,*
##.#)..##...,*,*,,****,*,**,*
##.#...##..#**,,,,,,,,,*,**,*
##.....##..,,,,,,,******,,,,*
.....#.##.#**###*,,,,,*******
.......##.# #.#####,***,***
###.......## #..@Ws#,,,*,,,*
##.#.....# #.###.#**,*,*,*
#.#.###.###.#
#.......*,******
#.###*#))...#
##.....#,,,,,,,*
#..,,,#...### *.....',,,,,,,*
###**,#.).# **.....#,,,,,,,*
### *,#...# *,......********
..########...# *,......**
#.......#....# *,,,,,,,,*


You could see Gandalfino's ghost and a giant cockroach.

Vanquished Creatures
  Purgy (Sewer)
  An orc warrior (D:6)
  A necrophage (D:5)
  A scorpion (D:5)
  5 orc priests
  A bullfrog skeleton (D:5)
  A centaur skeleton (D:5)
  8 orc wizards
  An iron imp (D:6)
  Ijyb (D:5)
  An iguana (D:4)
  2 worker ants
  4 gnolls (D:4)
  3 adders
  An ooze (D:6)
  A worm (D:5)
  2 dart slugs (D:1)
  4 leopard geckos
  26 orcs
  10 giant cockroaches
  5 goblins
  5 hobgoblins
  6 jackals
  6 kobolds
  A quokka (D:5)
  5 ball pythons
  12 bats
  2 frilled lizards
  8 rats
125 creatures vanquished.

Notes
Turn   | Place    | Note
-------+----------+-------------------------------------------
     0 | D:1      | kae the Demonspawn Transmuter began the quest for the Orb.
     0 | D:1      | Reached XP level 1. HP: 15/15 MP: 3/3
   238 | D:1      | Gained mutation: You are surrounded by a mild repulsion field. (EV +2) [demonic ancestry]
   238 | D:1      | Reached XP level 2. HP: 21/21 MP: 5/5
   685 | D:1      | Gained mutation: You are surrounded by a moderate repulsion field. (EV +3) [demonic ancestry]
   685 | D:1      | Reached XP level 3. HP: 26/26 MP: 6/6
   887 | D:2      | Found a hazy altar of Hepliaklqana.
  1663 | D:3      | Gained mutation: You are slightly more attuned to the shadows. [demonic ancestry]
  1663 | D:3      | Reached XP level 4. HP: 19/33 MP: 7/7
  2378 | D:2      | Gained mutation: You have sharp toenails. [demonic ancestry]
  2378 | D:2      | Reached XP level 5. HP: 29/38 MP: 8/8
  2825 | D:3      | Found a white marble altar of Elyvilon.
  3198 | D:4      | Noticed an ogre
  3774 | D:4      | Learned a level 2 spell: Sticks to Snakes
  3778 | D:4      | Learned a level 3 spell: Spider Form
  4119 | D:4      | Reached XP level 6. HP: 45/46 MP: 10/10
  4414 | D:4      | Found a staircase to the Ecumenical Temple.
  4451 | Temple   | Entered the Ecumenical Temple
  4707 | Temple   | Became a worshipper of the Wu Jian Council
  4919 | D:4      | Found Ewihym's Assorted Antiques.
  4924 | D:4      | Bought a fuming emerald potion for 18 gold pieces
  4924 | D:4      | Bought a wavering lapis lazuli ring for 100 gold pieces
  4924 | D:4      | Bought a fuming emerald potion for 18 gold pieces
  4924 | D:4      | Bought a brightly glowing pewter ring for 100 gold pieces
  4924 | D:4      | Bought a scroll labeled QYHAJAQ WITUPN for 20 gold pieces
  4924 | D:4      | Bought a brown potion for 18 gold pieces
  4925 | D:4      | Identified the ring "Zunkeerusi" {*Contam +Inv rC+ MR++ Str+4} (You bought it in a shop on level 4 of the Dungeon)
  4927 | D:4      | Identified the ring of Law {rF+ rC+ MR+ Dex+5 Slay+3} (You bought it in a shop on level 4 of the Dungeon)
  4981 | D:5      | Entered Level 5 of the Dungeon
  5101 | D:5      | Found a glowing drain.
  5184 | Sewer    | Entered a sewer
  5301 | Sewer    | Noticed Purgy
  5484 | Sewer    | Killed Purgy
  5484 | Sewer    | Reached XP level 7. HP: 52/52 MP: 11/11
  5598 | D:5      | Reached * piety under Wu Jian
  5704 | D:5      | Found a glowing golden altar of the Shining One.
  5749 | D:5      | Reached skill level 5 in Unarmed Combat
  6058 | D:5      | Noticed Ijyb
  6063 | D:5      | Killed Ijyb
  6261 | D:5      | Found a deep blue altar of Sif Muna.
  6529 | D:6      | Found Igeudetewn's Antique Weapon Emporium.
  6554 | D:6      | Found Gaddavecuj's Weapon Emporium.
  6610 | D:6      | Reached skill level 5 in Transmutations
  6617 | D:6      | Found a snail-covered altar of Cheibriados.
  6642 | D:6      | Gained mutation: You are surrounded by a strong repulsion field. (EV +4, RMsl) [demonic ancestry]
  6642 | D:6      | Reached XP level 8. HP: 27/59 MP: 13/13
  6944 | D:6      | Noticed Gandalfino's ghost (novice GnSk)
  6977 | D:6      | HP: 2/59 [Gandalfino's ghost (9)]
  6977 | D:6      | Slain by Gandalfino's ghost

Skill      XL: |  1  2  3  4  5  6  7 |
---------------+----------------------+-----
Transmutations | 2 3 4 5 |  5.2
Unarmed Combat | 3 4 5 |  5.7
Fighting       | 2 3 |  3.8
Spellcasting   | 3 |  3.9
Dodging        | |  1.7

Action                   |  1- 3 |  4- 6 |  7- 9 || total
-------------------------+-------+-------+-------++-------
Melee: Dagger            |    91 |   184 |   131 ||   406
       Unarmed           |     4 |       |       ||     4
       Kick              |     3 |       |       ||     3
       Punch             |     1 |     4 |     5 ||    10
       Headbutt          |     3 |     8 |       ||    11
 Cast: Beastly Appendage |     5 |     6 |       ||    11
Invok: Lunge             |       |     3 |     7 ||    10
       Whirlwind         |       |       |     1 ||     1
  Use: Scroll            |       |    14 |     2 ||    16
       Potion            |       |     4 |     1 ||     5
 Stab: Sleeping          |     1 |     2 |     6 ||     9
  Eat: Chunk             |     1 |    12 |     3 ||    16
       Ration            |       |       |     1 ||     1
Armor: Robe              |    16 |    53 |    21 ||    90
Dodge: Dodged            |    83 |   142 |    71 ||   296
